 Dungeon Crawl Stone Soup version 0.20-a0-309-gcba9277 (webtiles) character file.

3674 KristoblXynda the Eye of the Storm (level 9, -8/63 HPs)
             Began as a Demonspawn Monk on Dec 18, 2016.
             Was a Priest of Qazlal.
             Mangled by a two-headed ogre
             ... wielding a +0 giant club
              (19 damage)
             ... on level 8 of the Dungeon.
             The game lasted 00:16:43 (7159 turns).

KristoblXynda the Eye of the Storm (DsMo)           Turns: 7159, Time: 00:16:44

Health: -8/63      AC: 12    Str: 14    XL:     9   Next: 89%
Magic:  13/16      EV: 12    Int: 12    God:    Qazlal [***...]
Gold:   381        SH:  4    Dex: 14    Spells: 8/8 levels left

rFire  . . .     SeeInvis .     u - +2 war axe (vamp)
rCold  . . .     Gourm    .     r - +0 scale mail
rNeg   . . .     Faith    .     (no shield)
rPois  .         Spirit   .     (no helmet)
rElec  +         Reflect  .     k - +1 cloak {+Inv}
rCorr  .         Harm     .     x - +0 pair of gloves
MR     +....                    (no boots)
Stlth  ..........               (no amulet)
                                v - ring of protection from magic
                                a - +2 ring of evasion

@: no status effects
A: hooves 2, iridescent scales 1, clumsy 1, powered by pain 1, electricity
resistance, spiny 2
a: Upheaval, Elemental Force, Renounce Religion, Evoke Invisibility


You were on level 8 of the Dungeon.
You worshipped Qazlal.
Qazlal was most pleased with you.
You were not hungry.

You visited 1 branch of the dungeon, and saw 8 of its levels.

You collected 381 gold pieces.

Inventory:

Hand Weapons
 j - the +11 hand crossbow "Maek" {venom, MR+ Int-2 Dex+2}
   (You found it on level 4 of the Dungeon)

   It poisons the ammo it fires.
   It affects your intelligence (-2).
   It affects your dexterity (+2).
   It affects your resistance to hostile enchantments.
 u - a +2 vampiric war axe (weapon)
Missiles
 f - 16 bolts
Armour
 k - a +1 cloak of invisibility (worn)
 r - a +0 scale mail (worn)
 x - a +0 pair of gloves (worn)
Jewellery
 a - a +2 ring of evasion (left hand)
 v - a ring of protection from magic (right hand)
 C - an uncursed ring of magical power {unknown}
Wands
 d - a wand of lightning (8/15)
 m - a wand of paralysis (13/24)
Scrolls
 e - a scroll of teleportation
 g - a scroll of immolation
 o - 3 scrolls of remove curse
 p - 4 scrolls of recharging
 y - a scroll of fog
 A - a scroll of identify
 B - a scroll of noise {unknown}
Potions
 c - a potion of curing
 h - a potion of heal wounds
 l - a potion of lignification
 n - a potion of agility
 q - 2 potions of brilliance
 s - a potion of might
 t - 2 potions of flight
 z - a potion of ambrosia
Books
 i - a book of Flames

   Spells                             Type                      Level
   a - Flame Tongue                   Conjuration/Fire             1
   b - Throw Flame                    Conjuration/Fire             2
   c - Conjure Flame                  Conjuration/Fire             3
   d - Inner Flame                    Hexes/Fire                   3
   e - Sticky Flame                   Conjuration/Fire             4
   f - Fireball                       Conjuration/Fire             5
 w - a Young Poisoner's Handbook

   Spells                             Type                      Level
   a - Sting                          Conjuration/Poison           1
   b - Mephitic Cloud                 Conjuration/Poison/Air       3
   c - Olgreb's Toxic Radiance        Poison                       4
   d - Alistair's Intoxication        Transmutation/Poison         5
   e - Venom Bolt                     Conjuration/Poison           5
Comestibles
 b - 3 bread rations


   Skills:
 - Level 3.0 Fighting
 * Level 7.3 Axes
 - Level 2.5 Crossbows
 - Level 5.4 Armour
 - Level 3.0 Dodging
 - Level 1.7 Stealth
 - Level 5.1 Unarmed Combat
 + Level 10.3 Invocations


You had 8 spell levels left.
You didn't know any spells.

Dungeon Overview and Level Annotations

Branches:
Dungeon (8/15)             Temple (0/1) D:5
   Lair: D:8-11

Altars:
Ashenzari
Gozag
Makhleb
Qazlal
Uskayaw
The Shining One


Innate Abilities, Weirdness & Mutations

You have hoof-like feet.
You are partially covered in iridescent scales. (AC +2)
You sometimes gain a little power by taking damage.
You are mostly covered in sharp spines.
You are clumsy. (Dex -2)
You are resistant to electric shocks. (rElec)


Message History

Unknown command.
You slash the two-headed ogre!
You feel better.
You kick the two-headed ogre.
The two-headed ogre is almost dead.
The two-headed ogre completely misses you.
The two-headed ogre closely misses you.
A black bear comes into view.
Unknown command.
You barely miss the two-headed ogre.
The two-headed ogre is almost dead.
You closely miss the two-headed ogre. Your kick misses the two-headed ogre.
The two-headed ogre is almost dead.
The two-headed ogre misses you.
The two-headed ogre hits you with a giant club!
* * * LOW HITPOINT WARNING * * *
Unknown command.
You barely miss the two-headed ogre.
You punch the two-headed ogre, but do no damage.
The two-headed ogre is almost dead.
The two-headed ogre hits you with a giant club!!
You die...

###.
##.........#
.._..8.._.#
.[.......
...h... .#
..... .# ...#
#.# #O.# #.#
... #@# #.# .#
#.###/######.#
...
#.....<......#
###########..#
#.....#
#.###.# #.#
#.# #.# #.#
#.# #.#


You could see a two-headed ogre and a black bear.

Vanquished Creatures
  A two-headed ogre (D:8)
  Joseph (D:7)
  A hippogriff (D:7)
  Eustachio (D:4)
  4 ice beasts
  A black bear (D:8)
  2 ogres (D:4)
  A centaur (D:4)
  2 bullfrogs (D:7)
  4 scorpions
  5 wights
  A howler monkey (D:4)
  5 crimson imps
  A hound (D:7)
  A jelly (D:6)
  A gnoll shaman (D:4)
  3 orc priests
  Crazy Yiuf (D:6)
  A centaur skeleton (D:7)
  A bullfrog skeleton (D:5)
  Jessica (D:2)
  Terence (D:3)
  5 iguanas
  4 orc wizards
  5 worker ants
  A killer bee zombie (D:7)
  A hound zombie (D:5)
  2 hound skeletons
  5 gnolls (D:4)
  3 adders
  2 shadow imps
  2 adder zombies
  2 worms
  2 dart slugs
  7 leopard geckos
  10 orcs
  2 ball pythons (D:2)
  4 giant cockroaches
  4 goblins
  6 hobgoblins
  5 jackals
  5 quokkas
  9 bats
  A frilled lizard (D:3)
  8 kobolds
  7 rats
  A fungus (D:6)
143 creatures vanquished.

Notes
Turn   | Place    | Note
-------+----------+-------------------------------------------
     0 | D:1      | KristoblXynda the Demonspawn Monk began the quest for the Orb.
     0 | D:1      | Reached XP level 1. HP: 18/18 MP: 1/1
   272 | D:1      | Gained mutation: You are partially covered in iridescent scales. (AC +2) [demonic ancestry]
   272 | D:1      | Reached XP level 2. HP: 17/24 MP: 2/2
   918 | D:2      | Reached skill level 1 in Armour
   926 | D:2      | Found a stormy altar of Qazlal.
  1106 | D:2      | Gained mutation: You have large cloven feet. [demonic ancestry]
  1106 | D:2      | Reached XP level 3. HP: 29/29 MP: 3/3
  1220 | D:2      | Noticed Jessica
  1237 | D:2      | Killed Jessica
  1576 | D:2      | Reached XP level 4. HP: 31/35 MP: 4/4
  1855 | D:2      | Became a worshipper of Qazlal Stormbringer
  1855 | D:2      | Reached * piety under Qazlal
  1855 | D:2      | Reached ** piety under Qazlal
  1873 | D:3      | Noticed Terence
  1895 | D:3      | Killed Terence
  1895 | D:3      | Reached skill level 1 in Invocations
  2003 | D:3      | Found a shattered altar of Ashenzari.
  2231 | D:3      | Reached skill level 2 in Invocations
  2231 | D:3      | Reached XP level 5. HP: 25/41 MP: 6/6
  2481 | D:4      | Noticed Eustachio
  2576 | D:4      | Killed Eustachio
  2576 | D:4      | Reached skill level 3 in Invocations
  2576 | D:4      | Gained mutation: You have hoof-like feet. [demonic ancestry]
  2576 | D:4      | Reached XP level 6. HP: 12/47 MP: 8/8
  2874 | D:4      | Reached skill level 4 in Invocations
  3216 | D:4      | Gained mutation: You sometimes gain a little power by taking damage. [demonic ancestry]
  3216 | D:4      | Reached XP level 7. HP: 29/52 MP: 10/10
  3231 | D:4      | Reached skill level 5 in Invocations
  3283 | D:4      | Reached skill level 5 in Unarmed Combat
  3415 | D:4      | Got a smoking hand crossbow
  3416 | D:4      | Identified the +11 hand crossbow "Maek" {venom, MR+ Int-2 Dex+2} (You found it on level 4 of the Dungeon)
  3599 | D:4      | Reached skill level 1 in Crossbows
  3599 | D:4      | Reached skill level 6 in Invocations
  4240 | D:5      | Entered Level 5 of the Dungeon
  4408 | D:5      | Gained mutation: You are partially covered in sharp spines. [demonic ancestry]
  4408 | D:5      | Reached XP level 8. HP: 12/58 MP: 12/12
  4423 | D:5      | Gained mutation: You are resistant to electric shocks. (rElec) [potion of mutation]
  4423 | D:5      | Gained mutation: You are clumsy. (Dex -2) [potion of mutation]
  4837 | D:5      | Found a staircase to the Ecumenical Temple.
  4907 | D:5      | Reached skill level 5 in Armour
  5033 | D:5      | Found a burning altar of Makhleb.
  5272 | D:6      | Reached skill level 7 in Invocations
  5357 | D:6      | Reached skill level 1 in Axes
  5425 | D:6      | Found a runed door.
  5429 | D:6      | Noticed Crazy Yiuf
  5435 | D:6      | Killed Crazy Yiuf
  5492 | D:6      | Found a hide-covered altar of Uskayaw.
  5493 | D:6      | Noticed a hand axe
  5493 | D:6      | Noticed a dagger
  5755 | D:6      | Reached *** piety under Qazlal
  5757 | D:6      | Reached skill level 8 in Invocations
  6336 | D:7      | Noticed a hippogriff
  6344 | D:7      | Killed a hippogriff
  6344 | D:7      | Gained mutation: You are mostly covered in sharp spines. [demonic ancestry]
  6344 | D:7      | Reached XP level 9. HP: 51/63 MP: 15/15
  6629 | D:7      | Noticed Joseph
  6645 | D:7      | Killed Joseph
  6645 | D:7      | Reached skill level 5 in Axes
  6645 | D:7      | Reached skill level 9 in Invocations
  7057 | D:8      | Noticed a two-headed ogre
  7067 | D:8      | Killed a two-headed ogre
  7067 | D:8      | Reached skill level 10 in Invocations
  7151 | D:8      | Found a glowing golden altar of the Shining One.
  7151 | D:8      | Found an opulent altar of Gozag.
  7151 | D:8      | Noticed a two-headed ogre
  7159 | D:8      | Mangled by a two-headed ogre

Vault maps used:
D:1:      dpeg_arrival_houses_and_road, serial_corexii_hall,
          corexii_hall_statues_x, corexii_hall_statues_x,
          corexii_hall_statues_u, corexii_hall_statues_deadend,
          corexii_hall_statues_i, corexii_hall_statues_l
D:2:      grunt_qazlal_clouds, uniq_jessica
D:3:      serial_corexii_hall, corexii_hall_statues_t, corexii_hall_statues_s,
          cheibrodos_ashenzari_chains, uniq_terence
D:4:      first_bread, uniq_eustachio
D:5:      lemuel_doored_altar
D:6:      dancing_weapons_uskayaw, uniq_crazy_yiuf_cottage
D:7:      uniq_joseph
D:8:      grunt_temple_overflow_open, david_lair_shrubbed

Skill      XL: |  1  2  3  4  5  6  7  8  9 |
---------------+----------------------------+-----
Dodging        | 3 |  3.0
Unarmed Combat | 3 4 5 |  5.1
Armour         | 1 2 3 4 5 |  5.4
Invocations    | 2 3 4 6 8 10 | 10.3
Crossbows      | 1 2 |  2.5
Axes           | 4 7 |  7.3
Fighting       | |  3.0
Stealth        | |  1.7

Action                   |  1- 3 |  4- 6 |  7- 9 || total
-------------------------+-------+-------+-------++-------
Melee: Unarmed           |   166 |   206 |   208 ||   580
       Punch             |     3 |     1 |    11 ||    15
       Kick              |    25 |    49 |   111 ||   185
       War axe           |       |       |   114 ||   114
       Hand axe          |       |       |    14 ||    14
Invok: Upheaval          |       |     2 |     2 ||     4
  Use: Scroll            |       |     8 |     7 ||    15
       Potion            |       |     6 |     2 ||     8
 Stab: Sleeping          |     5 |     1 |       ||     6
       Distracted        |     1 |       |       ||     1
  Eat: Chunk             |     2 |     1 |     4 ||     7
       Beef jerky        |       |     1 |     3 ||     4
       Meat ration       |       |     1 |     2 ||     3
Armor: Robe              |    31 |     3 |       ||    34
       Scale mail        |       |    74 |   135 ||   209
Dodge: Dodged            |   110 |   162 |   209 ||   481
Block: Other             |       |    17 |    43 ||    60
